 Dungeon Crawl Stone Soup version 0.31-a0-149-g3fdcc5976a (webtiles) character file.

Game seed: 17015289455515409028

22 comborobin the Sneak (level 2, -1/19 HPs)
             Began as a Deep Elf Delver on June 8, 2023.
             Splashed by a jelly's acid (11 damage)
             ... on level 5 of the Dungeon.
             The game lasted 00:00:46 (126 turns).

comborobin the Sneak (Deep Elf Delver)               Turns: 126, Time: 00:00:47

Health: -1/19      AC:  2    Str:  9    XL:     2   Next: 68%
Magic:  4/4        EV: 12    Int: 14    God:
Gold:   12         SH:  0    Dex: 16    Spells: 1/1 levels left

rFire   + + .        e - +0 short sword (speed)
rCold   . . .        (no shield)
rNeg    . . .        b - +0 leather armour
rPois   .            (no helmet)
rElec   .            (no cloak)
rCorr   .            d - +2 pair of gloves of the Unseen Realm {*Slow rF++}
SInv    .            (no boots)
Will    .....        (no amulet)
Stlth   +++          (no ring)
HPRegen 0.23/turn    (no ring)
MPRegen 0.09/turn

%: slow self (1%)
@: corroded
A: no striking features
a: no special abilities


You were on level 5 of the Dungeon.
You visited 1 branch of the dungeon, and saw 2 of its levels.

You collected 12 gold pieces.

Inventory:

Hand Weapons
 a - a +0 short sword
 e - a +0 short sword of speed (weapon)
Armour
 b - a +0 leather armour (worn)
 d - the +2 pair of gloves of the Unseen Realm (worn) {*Slow rF++}
   (You found it on level 5 of the Dungeon)

   rF:        It greatly protects you from fire.
   *Slow:     It may slow you when you take damage.
Wands
 g - a wand of digging (3)
Scrolls
 c - a scroll of fog


   Skills:
 + Level 3.3 Fighting
 - Level 2.0 Short Blades
 - Level 2.4 Dodging
 - Level 6.0 Stealth


You had one spell level left.
You didn't know any spells.
Your spell library was empty.

Dungeon Overview and Level Annotations

Branches:
Dungeon (6/15)             Temple (0/1) D:5

Altars:


Message History

The orc is almost dead.
The orc hits you with a +0 short sword of speed.
You feel yourself slow down.
You barely miss the orc.
The orc is almost dead.
The orc misses you. The orc closely misses you.
You hit the orc.
You kill the orc!
Things that are here:
a +0 short sword of speed; a +0 scale mail; an orc corpse
e - a +0 short sword of speed Your hands tingle!
e - a +0 short sword of speed (weapon)
You start resting.
You feel yourself speed up.
A jelly comes into view.
Found a stone staircase leading up.
You see here 11 gold pieces.
Found a robe.
An orc comes into view. It is wielding a +0 hand axe.
The helpless orc fails to defend itself.
You impale the orc!!
You kill the orc!
No target in view!
No target in view!
No target in view!
An ufetubus comes into view.
Found a green potion.
There is a fountain of clear blue water here.
The jelly quivers.
You hit the jelly but do no damage.
Your hands burn!
The ufetubus shouts!
You hit the jelly.
Your hands burn!
The jelly is moderately wounded.
The jelly closely misses you.
You hit the jelly. The acid corrodes you!
Your hands burn!
The jelly is heavily wounded.
The jelly hits you.
You are splashed with acid!
Ouch! That really hurt!
You die...

#####..# *#........***
.......## #)...#****
........###.<.#####********
#....$........#...#,,,*,,,*
##...###......#.⌠.#,⌠,*,⌠,*
##.[# ###....#...#,,,*,,,*
#..# ##...##5##*,##*,**
#..# #...#...#...#.,,* #..#
#..[..@...⌠..!⌠,* # #..#
#.###..J#...#.,,* ###..#
*#.# #####*,##*,** .##..##
*..***,,,*,,,*,,,* ......#
#..,**,>,,,⌠,*,⌠,* ......#
##,,**,,,*,,,*,,,* #..#..#
**,,************* #.###.#
***,* #.# *.# ***


You could see a jelly and an ufetubus.

Vanquished Creatures
  2 adders (D:5)
  2 orcs (D:5)
4 creatures vanquished.

Notes
Turn   | Place    | Note
-------+----------+-------------------------------------------
     0 | D:5      | comborobin the Deep Elf Delver began the quest for the Orb.
     0 | D:5      | Reached XP level 1. HP: 13/13 MP: 3/3
     1 | D:6      | Noticed an orc wizard
    18 | D:5      | Reached XP level 2. HP: 19/19 MP: 4/4
    33 | D:5      | Noticed a +0 dagger
    55 | D:5      | Noticed a water moccasin
    57 | D:5      | Identified the +2 pair of gloves of the Unseen Realm {*Slow
                  | rF++}
   126 | D:5      | Splashed by a jelly's acid

Illustrated notes

Levels and vault maps discovered:
D:5:      layout_layer_cave, tso_altar, dancing_weapons_uskayaw,
          minmay_temple_entry_nine_rooms
D:6:      layout_loops_corners, tgw_fedhas, nicolae_gozag_zags_fifth_avenue,
          serial_shops, nicolae_shop_hallway_stairs, uniq_maggie, uniq_pikel

Skill      XL: |  1 |
---------------+----+-----
Fighting       | 3 |  3.3
Short Blades   | |  2.0
Dodging        | |  2.4
Stealth        | |  6.0

Action                     || total
---------------------------++-------
  Melee: Short sword       ||    25
    Use: Scroll            ||     2
         Potion            ||     1
   Stab: Sleeping          ||     2
 Armour: Leather armour    ||     2
  Dodge: Dodged            ||    15

Table legend: (Time is in decaauts)
 A = Elapsed time spent in this place.
 B = Non-inter-level travel time spent in this place.
 C = Inter-level travel time spent in this place.
 D = Time resting spent in this place.
 E = Time spent auto-exploring this place.
 F = Levels seen in this place.
 G = Mean time per level.
                   A        B        C        D        E       F      G
               +--------+--------+--------+--------+--------+-----+--------+
         Total |    117 |     97 |     20 |     22 |      0 |   2 |   58.5 |
       Dungeon |    117 |     97 |     20 |     22 |      0 |   2 |   58.5 |
               +--------+--------+--------+--------+--------+-----+--------+

Top non-repeatable levels by time:
     D:5: 114 daAuts
     D:6: 2 daAuts
